 Dungeon Crawl Stone Soup version 0.32-a0-711-g016ad743e0 (webtiles) character file.

Game seed: 1916204429818096709

20826 smashvw the Grappler (level 12, 0/122 HPs)
             Began as a Troll Fighter on Mar 15, 2024.
             Was a High Priest of Okawaru.
             Slain by a 13-headed hydra (6 damage)
             ... on level 3 of the Lair of Beasts.
             The game lasted 00:40:20 (11265 turns).

smashvw the Grappler (Troll Fighter)               Turns: 11265, Time: 00:40:21

Health: 0/122      AC:  5    Str: 27    XL:     12   Next: 48%
Magic:  11/11      EV: 21    Int:  4    God:    Okawaru [*****.]
Gold:   845        SH: 10    Dex: 13    Spells: 11/11 levels left

rFire   . .          .
                       - Unarmed
rCold   . . .        b - +0 kite shield
rNeg    . . .        a - +0 robe
rPois   .            (helmet restricted)
rElec   .            v - +0 cloak
rCorr   .            (gloves unavailable)
SInv    .            (boots unavailable)
Will    .....        (no amulet)
Stlth   +            e - +5 ring of evasion
HPRegen 1.20/turn    s - +5 ring of evasion
MPRegen 0.12/turn

%: no passive effects
@: no status effects
A: large, unfitting armour, claws 3, regeneration 1, shaggy fur 1, tough skin 1
a: Renounce Religion, Heroism, Finesse, Duel


You were on level 3 of the Lair of Beasts.
You worshipped Okawaru.
Okawaru was extremely pleased with you.
You visited 3 branches of the dungeon, and saw 15 of its levels.

You collected 845 gold pieces.

Inventory:

Missiles
 i - 71 stones
 j - 32 poisoned darts
 p - 3 datura-tipped darts
 L - 3 curare-tipped darts
 N - 3 large rocks (quivered)
 P - 3 boomerangs
Armour
 a - a +0 robe (worn)
 b - a +0 kite shield (worn)
 v - a +0 cloak (worn)
Jewellery
 c - a ring of fire
 e - a +5 ring of evasion (left claw)
 f - a ring of resist corrosion
 s - a +5 ring of evasion (right claw)
 x - a ring of flight
 y - a ring of poison resistance
 K - a ring of wizardry
Talismans
 d - a maw talisman
Wands
 o - a wand of charming (27)
 t - a wand of roots (25)
 R - a wand of polymorph (6)
 S - a wand of flame (11)
Scrolls
 g - a scroll of revelation
 k - 2 scrolls of blinking
 l - 4 scrolls of noise
 m - a scroll of butterflies {unknown}
 q - a scroll of enchant weapon {unknown}
 u - a scroll of identify
 w - 7 scrolls of teleportation
 C - 2 scrolls of immolation {unknown}
 E - a scroll of enchant armour {unknown}
 F - a scroll of torment {unknown}
 H - 3 scrolls of vulnerability {unknown}
 I - a scroll of fog {unknown}
 O - a scroll of poison
 Q - a scroll of amnesia {unknown}
Potions
 h - a potion of enlightenment {unknown}
 n - 5 potions of attraction
 r - 5 potions of heal wounds
 z - 2 potions of brilliance
 A - 10 potions of curing
 B - a potion of lignification
 D - a potion of mutation {unknown}
 G - a potion of degeneration {unknown}
 J - 2 potions of haste {unknown}
 T - 2 potions of invisibility {unknown}


   Skills:
 + Level 8.4 Fighting
 + Level 8.4 Throwing
 + Level 8.4 Dodging
 + Level 9.2 Shields
 + Level 9.8 Unarmed Combat


You had 11 spell levels left.
You didn't know any spells.
Your spell library contained the following spells:

 Spells                   Type           Power      Damage    Failure   Level
 Cigotuvi's Dreadful Rot  Necr/Alch/Air  0%         N/A       82%         2
 Jinxbite                 Hex            0%         N/A       82%         2
 Sublimation of Blood     Necr           0%         N/A       82%         2
 Fugue of the Fallen      Necr           0%         N/A       96%         3
 Ozocubu's Armour         Ice            0%         N/A       96%         3
 Cause Fear               Hex            0%         N/A       100%        4
 Ignite Poison            Fire/Alch      0%         N/A       100%        4
 Manifold Assault         Tloc           0%         N/A       100%        4
 Petrify                  Alch/Erth      0%         N/A       100%        4
 Fireball                 Conj/Fire      0%         3d3       100%        5
 Freezing Cloud           Conj/Ice/Air   0%         6-21      100%        5
 Irradiate                Conj/Alch      0%         3d11      100%        5
 Yara's Violent Unravell  Hex/Alch       0%         3d3       100%        5
 Enfeeble                 Hex            0%         N/A       100%        7
 Ozocubu's Refrigeration  Ice            0%         4d7       100%        7
 Polar Vortex             Ice            0%         N/A       100%        9
 Sculpt Simulacrum        Ice/Alch       Unusable   N/A       N/A         6
 Dragon's Call            Summ           Unusable   N/A       N/A         9

Dungeon Overview and Level Annotations

Branches:
Dungeon (11/15)            Temple (1/1) D:4            Lair (3/5) D:8
 Shoals (0/4) Lair:3        Snake (0/4) Lair:2
    Orc: D:9-12

Altars:
Ashenzari
Cheibriados
Dithmenos
Elyvilon
Fedhas
Gozag
Hepliaklqana
Kikubaaqudgha
Makhleb
Nemelex Xobeh
Okawaru
Qazlal
Ru
Sif Muna
Trog
Uskayaw
Vehumet
Wu Jian
Xom
Yredelemnul
Zin
The Shining One


Innate Abilities, Weirdness & Mutations

You are too large for most types of armour.
You have claws for hands.
Your natural rate of healing is unusually fast.
You are covered in fur. (AC +1)
You have tough skin. (AC +1)


Message History

The 11-headed hydra grows two more!
You claw the 13-headed hydra!
The 13-headed hydra is severely wounded.
You feel sick. You block the water moccasin's attack.
You block the 13-headed hydra's attack.
The 13-headed hydra completely misses you.
You block the 13-headed hydra's attack. The 13-headed hydra bites you.
The 13-headed hydra misses you.
The 13-headed hydra completely misses you.
The 13-headed hydra closely misses you. The 13-headed hydra barely misses you.
The 13-headed hydra misses you. The 13-headed hydra bites you!
* * * LOW HITPOINT WARNING * * *
The 13-headed hydra bites you.
* * * LOW HITPOINT WARNING * * *
The 13-headed hydra bites you!
* * * LOW HITPOINT WARNING * * *
The 13-headed hydra bites you.
* * * LOW HITPOINT WARNING * * *
The water moccasin closely misses you.
You feel much better.
You feel sick. You block the 13-headed hydra's attack.
The 13-headed hydra misses you.
You block the 13-headed hydra's attack. x2
The 13-headed hydra closely misses you.
The 13-headed hydra completely misses you.
The 13-headed hydra bites you. The 13-headed hydra bites you!
* * * LOW HITPOINT WARNING * * *
The 13-headed hydra completely misses you.
The 13-headed hydra barely misses you.
The 13-headed hydra completely misses you.
The 13-headed hydra bites you!
* * * LOW HITPOINT WARNING * * *
The 13-headed hydra bites you but does no damage.
The water moccasin closely misses you.
You feel better. The 13-headed hydra bites you!
* * * LOW HITPOINT WARNING * * *
The 13-headed hydra bites you.
* * * LOW HITPOINT WARNING * * *
The 13-headed hydra bites you but does no damage.
The 13-headed hydra bites you!
* * * LOW HITPOINT WARNING * * *
The 13-headed hydra bites you.
You die...

. #...#. .. #...#.##
... ....P..## ....
#P....... (.... ###
#........
..((..#P#####P.......
........(D@..........
.......(.S...........
.........##.##........
..........##~~.#...##..
#........~#~~~###..#
#......#~~..~~##..#
####.......~~.>.~...##
.........##~.~~~##...
#.......#.#~~~.# ##


You could see a 13-headed hydra and a water moccasin.

Vanquished Creatures
  A catoblepas (Lair:1)
  Sonja (Lair:2)
  A cyclops (D:11)
  A manticore (D:11)
  A water nymph (Lair:3)
  4 elephants (Lair:2)
  2 black mambas (Lair:2)
  Maggie (Lair:1)
  3 cane toads
  A kobold demonologist (D:11)
  A rime drake (Lair:1)
  6 komodo dragons
  3 trolls
  Grinder (D:4)
  Sigmund (D:6)
  5 slime creatures (D:10)
  A shadow (D:9)
  A vampire (D:11)
  A wraith (D:11)
  4 wyverns
  2 basilisks (Lair:1)
  28 yaks
  3 steam dragons
  Menkaure (D:4)
  Edmund (D:4)
  4 acid dragons
  Duvessa (D:7)
  12 water moccasins
  3 orc warriors
  An ice beast (D:7)
  4 black bears
  2 ogres
  A centaur (D:10)
  A phantom (D:6)
  2 kobold brigands
  6 bullfrogs
  3 scorpions
  5 wights (D:8)
  Dowan (D:7)
  13 killer bees
  A bombardier beetle (D:3)
  6 howler monkeys
  An electric eel (Lair:1)
  5 hounds
  2 jellies
  4 orc priests
  Terence (D:2)
  2 iguanas (D:5)
  7 orc wizards
  3 hell rats (Lair:1)
  2 adders (D:2)
  7 gnolls (D:3)
  6 river rats (Lair:1)
  A shadow imp (D:8)
  3 white imps (D:7)
  3 dart slugs
  18 orcs
  6 ball pythons
  10 bats
  5 endoplasms
  4 giant cockroaches
  7 goblins
  6 hobgoblins
  3 jackals (D:2)
  14 kobolds
  A quokka (D:1)
  7 frilled lizards
  6 rats
275 creatures vanquished.

Vanquished Creatures (others)
  An angel (D:3)
1 creature vanquished.

Grand Total: 276 creatures vanquished

Notes
Turn   | Place    | Note
-------+----------+-------------------------------------------
     0 | D:1      | smashvw the Troll Fighter began the quest for the Orb.
     0 | D:1      | Reached XP level 1. HP: 22/22 MP: 0/0
   104 | D:1      | Reached XP level 2. HP: 29/29 MP: 1/1
   239 | D:1      | Reached XP level 3. HP: 36/36 MP: 2/2
   924 | D:2      | Reached XP level 4. HP: 44/44 MP: 3/3
   963 | D:2      | Noticed Terence
   976 | D:2      | Killed Terence
  1490 | D:3      | Found an ornate altar of the Wu Jian Council.
  1507 | D:3      | Found a shimmering altar of Xom.
  1508 | D:3      | Noticed an angel
  1571 | D:3      | Reached XP level 5. HP: 28/53 MP: 4/4
  1656 | D:3      | Found a glowing silver altar of Zin.
  1751 | D:3      | Found a radiant altar of Vehumet.
  1982 | D:3      | Killed an angel
  2021 | D:3      | Found a faded altar of an unknown god.
  2213 | D:3      | Reached skill level 1 in Throwing
  2291 | D:4      | Found a staircase to the Ecumenical Temple.
  2313 | Temple   | Entered the Ecumenical Temple
  2402 | D:4      | Reached XP level 6. HP: 40/61 MP: 5/5
  2492 | D:4      | Noticed Grinder
  2498 | D:4      | Paralysed by Grinder for 2 turns
  2520 | D:4      | Killed Grinder
  2627 | D:4      | Noticed Edmund
  2642 | D:4      | Killed Edmund
  2643 | D:4      | Reached XP level 7. HP: 55/68 MP: 6/6
  2945 | D:4      | Noticed Menkaure
  2950 | D:4      | Killed Menkaure
  3130 | D:4      | Found a hazy altar of Hepliaklqana.
  3262 | D:5      | Entered Level 5 of the Dungeon
  3381 | D:5      | Found a shadowy altar of Dithmenos.
  3555 | D:5      | Reached XP level 8. HP: 66/78 MP: 7/7
  4039 | D:6      | Noticed Sigmund
  4054 | D:6      | Killed Sigmund
  4055 | D:6      | Reached skill level 5 in Shields
  4055 | D:6      | Reached skill level 5 in Unarmed Combat
  4193 | D:6      | Found a white marble altar of Elyvilon.
  4288 | D:6      | Reached skill level 5 in Fighting
  4288 | D:6      | Reached skill level 5 in Dodging
  4325 | D:6      | Reached XP level 9. HP: 88/88 MP: 8/8
  4930 | D:7      | Noticed Duvessa
  4931 | D:7      | Noticed Dowan
  4940 | D:7      | Killed Duvessa
  4952 | D:7      | Killed Dowan
  5291 | D:7      | Found an iron altar of Okawaru.
  5377 | D:7      | Became a worshipper of Warmaster Okawaru
  5816 | D:7      | Reached skill level 5 in Throwing
  5874 | D:8      | Reached * piety under Okawaru
  5890 | D:8      | Reached XP level 10. HP: 17/98 MP: 6/9
  6111 | D:8      | Found a stormy altar of Qazlal.
  6125 | D:8      | Reached ** piety under Okawaru
  6240 | D:8      | Found a staircase to the Lair.
  6537 | D:9      | Found a broken altar of Ashenzari.
  6669 | D:9      | Found an ancient bone altar of Kikubaaqudgha.
  6679 | D:9      | Found a glowing golden altar of the Shining One.
  7067 | D:10     | Entered Level 10 of the Dungeon
  7187 | D:10     | You fall into a shaft and drop 1 floor!
  7190 | D:11     | Noticed a cyclops
  7224 | D:10     | Reached *** piety under Okawaru
  7814 | D:10     | Identified the +6 longbow of Somewhere Else {freeze, Int+3
                  | SInv}
  7900 | D:10     | Reached XP level 11. HP: 61/107 MP: 8/10
  8180 | D:11     | Reached **** piety under Okawaru
  8195 | D:11     | HP: 2/109 [vampire (9)]
  8735 | Lair:1   | Entered Level 1 of the Lair of Beasts
  9051 | Lair:1   | Noticed a catoblepas
  9057 | Lair:1   | Killed a catoblepas
  9057 | Lair:1   | Reached ***** piety under Okawaru
  9100 | Lair:1   | Noticed Maggie
  9110 | Lair:1   | Killed Maggie
  9906 | Lair:2   | Reached XP level 12. HP: 60/119 MP: 9/11
 10009 | Lair:2   | Noticed Sonja
 10254 | Lair:2   | Received a gift from Okawaru
 10530 | Lair:2   | Found a staircase to the Snake Pit.
 11076 | Lair:2   | Killed Sonja
 11200 | Lair:3   | Found a staircase to the Shoals.
 11247 | Lair:3   | Noticed a seven-headed hydra
 11265 | Lair:3   | HP: 6/122 [13-headed hydra (9)]
 11265 | Lair:3   | Slain by a 13-headed hydra

Illustrated notes

Levels and vault maps discovered:
D:1:      tarquinn_simple_flora_water_c, layout_basic
D:2:      layout_loops_corners, uniq_terence
D:3:      minmay_wonky_spiral, layout_basic,
          grunt_temple_overflow_order_and_chaos_1, mainiacjoe_overflow_alcove_1,
          vehumet_crystals, dreamdust_ecumenical_altar_statues
D:4:      layout_loops_ring, nzn_hepliaklqana_mist_gate,
          minmay_temple_entry_stoned_glass, serial_forest,
          infiniplex_forest_clump_double, infiniplex_forest_lined_3_way,
          infiniplex_forest_straight_1, infiniplex_forest_straight_1,
          infiniplex_forest_lined_3, infiniplex_forest_clump_small,
          uniq_grinder, uniq_edmund, uniq_menkaure
D:5:      layout_loops_ring, nicolae_overflow_crystal_walls
D:6:      hellmonk_destroyed_diamonds, layout_cave_pods, elyvilon_altar_1,
          uniq_sigmund
D:7:      layout_gridville, kennysheep_okawaru_gauntlet, uniq_duvessa
D:8:      layout_cave_pools, old_standard_altar, lair_entry_dummy
D:9:      layout_basic, mainiacjoe_overflow_concentric_impassable,
          mainiacjoe_overflow_big_doors
D:10:     layout_cave_pools
D:11:     layout_cave_pools
Temple:   zaba_magenta_temple
Lair:1:   layout_loops_ring, kennysheep_abandoned_house, serial_bayou_shore_a,
          uniq_maggie
Lair:2:   layout_chaotic_city, minmay_snake_entry_six_corridors, uniq_sonja
Lair:3:   layout_regular_city, nicolae_shoals_entry_flooding,
          hellmonk_ghost_happy_afterlife, pond, lemuel_fruit_fields, uniq_fannar

Skill      XL: |  1  2  3  4  5  6  7  8  9 10 11 12 |
---------------+-------------------------------------+-----
Shields        | 3 4 5 6 7 8 9 |  9.2
Fighting       | 3 4 5 6 7 8 |  8.4
Dodging        | 3 4 5 6 7 8 |  8.4
Unarmed Combat | 3 4 5 6 8 9 |  9.8
Throwing       | 1 2 3 4 5 6 7 8 |  8.4

Action                     |  1- 3 |  4- 6 |  7- 9 | 10-12 || total
---------------------------+-------+-------+-------+-------++-------
  Melee: Unarmed           |    87 |   109 |   263 |   627 ||  1086
  Throw: Dart              |       |       |     7 |    40 ||    47
         Stone             |       |       |    19 |       ||    19
         Large rock        |       |       |       |    15 ||    15
 Invoke: Heroism           |       |       |     1 |     9 ||    10
         Finesse           |       |       |       |     2 ||     2
  Evoke: Wand              |       |       |       |     2 ||     2
    Use: Scroll            |       |     3 |     3 |     8 ||    14
         Potion            |       |     1 |     1 |     6 ||     8
   Stab: Sleeping          |     1 |       |       |     1 ||     2
         Distracted        |       |       |       |     1 ||     1
 Armour: Robe              |    24 |    27 |    92 |   341 ||   484
         Skin              |       |     7 |       |       ||     7
  Dodge: Dodged            |    41 |    50 |   167 |   602 ||   860
  Block: Kite shield       |    25 |    36 |   135 |   450 ||   646

Table legend: (Time is in decaauts)
 A = Elapsed time spent in this place.
 B = Non-inter-level travel time spent in this place.
 C = Inter-level travel time spent in this place.
 D = Time resting spent in this place.
 E = Time spent auto-exploring this place.
 F = Levels seen in this place.
 G = Mean time per level.
                   A        B        C        D        E       F      G
               +--------+--------+--------+--------+--------+-----+--------+
         Total |  11224 |  10739 |    485 |    787 |   7708 |  15 |  748.3 |
       Dungeon |   8702 |   8296 |    406 |    402 |   6286 |  11 |  791.1 |
        Temple |     25 |     23 |      2 |      0 |      0 |   1 |   25.0 |
          Lair |   2496 |   2419 |     77 |    385 |   1422 |   3 |  832.0 |
               +--------+--------+--------+--------+--------+-----+--------+

Top non-repeatable levels by time:
  Lair:1: 1302 daAuts
  Lair:2: 1131 daAuts
     D:7: 1089 daAuts
     D:4: 977 daAuts
    D:10: 931 daAuts
     D:3: 898 daAuts
     D:2: 891 daAuts
     D:6: 774 daAuts
     D:5: 731 daAuts
     D:9: 654 daAuts
     D:8: 653 daAuts
    D:11: 619 daAuts
     D:1: 479 daAuts
  Lair:3: 63 daAuts
  Temple: 25 daAuts
